 Dungeon Crawl Stone Soup version 0.25.1-8-g42b30a86e7 (webtiles) character file.

Game seed: 16564868311101060141

650 H0rd4k the Magician (level 7, -4/36 HPs)
             Began as a Deep Elf Wizard on Dec 3, 2020.
             Killed by divine providence
             ... invoked by an orc priest
              (11 damage)
             ... on level 5 of the Dungeon.
             The game lasted 00:12:20 (6747 turns).

H0rd4k the Magician (Deep Elf Wizard)               Turns: 6747, Time: 00:12:20

Health: -4/36      AC: -2    Str:  4    XL:     7   Next: 28%
Magic:  20/20      EV: 13    Int: 25    God:
Gold:   267        SH:  0    Dex: 13    Spells: 12/21 levels left

rFire    x . .     SeeInvis .   p - staff of wizardry
rCold    + . .     Gourm    .   (no shield)
rNeg     . . .     Faith    .   a - +0 robe
rPois    +         Spirit   .   b - +0 hat
rElec    .         Reflect  .   (no cloak)
rCorr    .         Harm     .   (no gloves)
MR       .....                  (no boots)
Stlth    ++........             (no amulet)
HPRegen  0.12/turn              n - ring of poison resistance
MPRegen  0.17/turn              q - ring of ice

@: corroded
A: no striking features
a: no special abilities


You were on level 5 of the Dungeon.
You were very hungry.

You visited 1 branch of the dungeon, and saw 5 of its levels.

You collected 267 gold pieces.

Inventory:

Hand Weapons
 k - the +7 spear "Juecasev" {freeze, +Blink Str+4}
   (You took it off an orc wizard on level 5 of the Dungeon)

   It has been specially enchanted to freeze those struck by it, causing extra
   injury to most foes and up to half again as much damage against particularly
   susceptible opponents.
   It can also slow down cold-blooded creatures.
   It affects your strength (+4).
   It lets you blink.
Missiles
 i - 2 atropa-tipped darts (quivered)
 t - 4 boomerangs of dispersal
Armour
 a - a +0 robe (worn)
 b - a +0 hat (worn)
 j - the +7 chain mail of the Hippo {MR+}
   (You found it on level 4 of the Dungeon)

   It affects your resistance to hostile enchantments.
Magical Staves
 p - an uncursed staff of wizardry (weapon)
Jewellery
 n - a ring of poison resistance (left hand)
 q - a ring of ice (right hand)
 v - a cursed -4 ring of evasion {unknown}
Wands
 m - a wand of acid (3)
 u - a wand of random effects (18)
Scrolls
 c - a scroll of noise {unknown}
 e - 2 scrolls of teleportation {unknown}
 f - 2 scrolls of remove curse {unknown}
 g - a scroll of amnesia {unknown}
 h - 5 scrolls of enchant armour {unknown}
 l - 3 scrolls of identify {unknown}
 o - a scroll of random uselessness {unknown}
 r - a scroll of enchant weapon {unknown}
Potions
 s - a potion of degeneration {unknown}
 w - a potion of curing {unknown}
Comestibles
 d - 9 rations


   Skills:
 - Level 0.1 Staves
 + Level 3.2 Dodging
 + Level 3.0 Stealth
 + Level 7.6 Spellcasting
 + Level 5.1 Conjurations
   Level 1.1 Summonings
 + Level 1.2 Translocations
 + Level 2.1 Fire Magic
 + Level 1.6 Air Magic
 + Level 1.5 Poison Magic


You had 12 spell levels left.
You knew the following spells:

 Your Spells              Type           Power        Failure   Level  Hunger
a - Magic Dart            Conj           ####         1%          1    None
b - Blink                 Tloc           N/A          2%          2    None
c - Conjure Flame         Conj/Fire      ####....     1%          3    None
d - Mephitic Cloud        Conj/Pois/Air  ###.....     2%          3    None

Your spell library contained the following spells:

 Spells                   Type           Power        Failure   Level  Hunger
 Call Imp                 Summ           ###.....     2%          2    None
 Slow                     Hex            #.......     4%          2    None


Dungeon Overview and Level Annotations

Branches:
Dungeon (5/15)             Temple (0/1) D:5

Altars:
Ashenzari
Dithmenos
Kikubaaqudgha
Ru
Xom

Shops:
D:4 *

Annotations:
D:3 1 runed translucent door, Sigmund; ragnag's ghost, amateur HuBe
D:4 exclusion: downstairs


Message History

There is a stone staircase leading down here.
You start resting.
You are no longer corroded.
You start resting.
Magic restored.
You start resting.
You are feeling hungry.
You start resting.
HP restored.
(D) Dungeon (T) Temple
Where to? (Enter - D:4 @ (x,y), ? - help)
There is a stone staircase leading down here.
You climb downwards.
The orc priest zaps a wand.
The bolt of acid hits you! The acid corrodes you!
You are splashed with acid!
* * * LOW HITPOINT WARNING * * *
There is a stone staircase leading up here.
You are feeling very hungry.
The orc priest calls down the wrath of Beogh upon you.
Beogh smites you!
You die...

.........#.#....♣.
.....>.......##♣♣♣
#.........#..#
#..⌠...⌠..#[.#######
...................
...(.....#.........
.##.##[##......#..
#.##.......†.......
#.....@.o######...#
########## ..#. .#


You could see an orc priest.

Vanquished Creatures
  An ogre (D:5)
  A howler monkey (D:5)
  A crimson imp (D:5)
  A centaur zombie (D:5)
  A hound (D:5)
  3 orc priests
  An iguana (D:4)
  3 orc wizards
  A worker ant (D:4)
  7 adders
  A shadow imp (D:5)
  An adder skeleton (D:4)
  2 worms
  2 dart slugs
  2 leopard geckos
  24 orcs
  10 bats
  4 giant cockroaches
  10 goblins
  6 hobgoblins
  4 jackals (D:2)
  8 kobolds
  6 quokkas
  A ball python skeleton (D:4)
  4 frilled lizards
  A jackal zombie (D:5)
  10 rats
116 creatures vanquished.

Notes
Turn   | Place    | Note
-------+----------+-------------------------------------------
     0 | D:1      | H0rd4k the Deep Elf Wizard began the quest for the Orb.
     0 | D:1      | Reached XP level 1. HP: 10/10 MP: 7/7
   275 | D:1      | Reached XP level 2. HP: 15/15 MP: 2/9
   494 | D:1      | Reached skill level 5 in Spellcasting
  1235 | D:1      | Reached XP level 3. HP: 19/19 MP: 5/11
  1239 | D:1      | Learned a level 2 spell: Blink
  1243 | D:1      | Learned a level 3 spell: Conjure Flame
  1247 | D:1      | Learned a level 3 spell: Mephitic Cloud
  1739 | D:2      | Found an ancient bone altar of Kikubaaqudgha.
  1740 | D:2      | Found a sacrificial altar of Ru.
  1740 | D:2      | Found a shadowy altar of Dithmenos.
  1740 | D:2      | Found a shimmering altar of Xom.
  2549 | D:3      | Reached XP level 4. HP: 9/24 MP: 2/13
  3135 | D:3      | Reached skill level 1 in Air Magic
  3135 | D:3      | Reached XP level 5. HP: 23/28 MP: 8/15
  3461 | D:3      | Noticed Sigmund
  3583 | D:3      | Reached skill level 1 in Fire Magic
  3605 | D:3      | Reached skill level 1 in Poison Magic
  3668 | D:3      | Reached skill level 6 in Spellcasting
  4013 | D:3      | Found a runed translucent door.
  4018 | D:3      | Noticed ragnag's ghost (amateur HuBe)
  4107 | D:4      | Found Enorroxa's General Store.
  4239 | D:4      | Reached XP level 6. HP: 32/32 MP: 5/17
  4633 | D:4      | Got a brightly glowing chain mail
  4922 | D:4      | Reached skill level 7 in Spellcasting
  5139 | D:4      | Found a shattered altar of Ashenzari.
  5324 | D:4      | Identified the +7 chain mail of the Hippo {MR+} (You found
                  | it on level 4 of the Dungeon)
  5367 | D:5      | Entered Level 5 of the Dungeon
  5383 | D:5      | Identified the +7 spear "Juecasev" {freeze, +Blink Str+4}
  6041 | D:5      | Reached skill level 5 in Conjurations
  6041 | D:5      | Reached XP level 7. HP: 33/36 MP: 0/19
  6495 | D:5      | Found a staircase to the Ecumenical Temple.
  6747 | D:5      | Killed from afar by an orc priest

Illustrated notes

Levels and vault maps discovered:
D:1:      dpeg_arrival_another_circle, layout_basic, minivault_4
D:2:      layout_basic, chequers_temple_overflow_statue_of_worship,
          minmay_ruptured
D:3:      layout_basic, ebering_ghost_sewer_f, minmay_door_square, uniq_sigmund
D:4:      layout_basic, marbit_many_paths, serial_shops, shop, first_ration,
          roderic_serpentine_path, minivault_4, patterned_corridor
D:5:      layout_basic, minmay_temple_entry_large_hall, chequers_arboretum,
          fountainhead, uniq_crazy_yiuf_cottage

Skill      XL: |  1  2  3  4  5  6  7 |
---------------+----------------------+-----
Spellcasting   | 5 6 7 |  7.6
Conjurations   | 2 3 5 |  5.1
Dodging        | 3 |  3.2
Stealth        | 3 |  3.0
Air Magic      | 1 |  1.6
Fire Magic     | 1 2 |  2.1
Poison Magic   | 1 |  1.5
Staves         | |  0.1
Summonings     | |  1.1
Translocations | |  1.2

Action                   |  1- 3 |  4- 6 |  7- 9 || total
-------------------------+-------+-------+-------++-------
Melee: Staff             |     6 |     2 |       ||     8
 Cast: Magic Dart        |   124 |   180 |    18 ||   322
       Mephitic Cloud    |       |     5 |       ||     5
       Conjure Flame     |       |     8 |     1 ||     9
       Blink             |       |     2 |       ||     2
Evoke: Wand              |       |     1 |     1 ||     2
  Use: Potion            |     2 |     1 |       ||     3
       Scroll            |       |     1 |       ||     1
  Eat: Chunk             |     5 |     8 |       ||    13
       Ration            |       |     1 |       ||     1
Armor: Robe              |     4 |     1 |       ||     5
       Skin              |     4 |       |       ||     4
Dodge: Dodged            |    25 |    12 |     3 ||    40
